 Dungeon Crawl Stone Soup version 0.32-a0-132-g2d33c3cfaf (webtiles) character file.

Game seed: 10756323298991149175

88 Dittersdorf the Shield-Bearer (level 4, 0/29 HPs)
             Began as a Gargoyle Fighter on Feb 9, 2024.
             Incinerated by a bombardier beetle (4 damage)
             ... with a burning spray
             ... on level 3 of the Dungeon.
             The game lasted 00:02:45 (2178 turns).

Dittersdorf the Shield-Bearer (Gargoyle Fighter)    Turns: 2178, Time: 00:02:45

Health: 0/29       AC: 13    Str: 22    XL:     4   Next: 54%
Magic:  4/4        EV:  9    Int:  8    God:
Gold:   184        SH:  4    Dex:  9    Spells: 3/3 levels left

rFire   . . .        a - +0 flail
rCold   . . .        c - +0 buckler
rNeg    + . .        b - +0 scale mail
rPois   ∞            (no helmet)
rElec   +            m - +0 cloak
rCorr   .            g - +0 pair of gloves
SInv    .            (no boots)
Will    .....        (no amulet) Stlth
                     (no ring)
HPRegen 0.24/turn    (no ring)
MPRegen 0.09/turn

%: no passive effects
@: on fire, glowing
A: sickness immunity, AC +3, negative energy resistance 1, electricity
resistance, torment resistance 1, petrification resistance
a: no special abilities


You were on level 3 of the Dungeon.
You visited 1 branch of the dungeon, and saw 3 of its levels.

You collected 184 gold pieces.

Inventory:

Hand Weapons
 a - a +0 flail (weapon)
Armour
 b - a +0 scale mail (worn)
 c - a +0 buckler (worn)
 g - a +0 pair of gloves (worn)
 m - a +0 cloak (worn)
Wands
 p - a wand of mindburst (13)
Scrolls
 e - 2 scrolls of identify {unknown}
 f - 2 scrolls of noise {unknown}
 i - 2 scrolls of blinking {unknown}
 k - a scroll of immolation {unknown}
 n - a scroll of poison {unknown}
Potions
 d - a potion of might
 h - a potion of haste {unknown}
 j - a potion of attraction {unknown}
 l - a potion of mutation {unknown}
 o - a potion of curing {unknown}
 q - a potion of berserk rage {unknown}


   Skills:
 + Level 4.0 Fighting
 + Level 2.8 Maces & Flails
 + Level 4.0 Armour
 + Level 4.0 Shields


You had 3 spell levels left.
You didn't know any spells.
Your spell library contained the following spells:

 Spells                   Type           Power      Damage    Failure   Level
 Magic Dart               Conj           0%         1d3       80%         1
 Blink                    Tloc           0%         N/A       90%         2
 Call Imp                 Summ           0%         N/A       90%         2


Dungeon Overview and Level Annotations

Branches:
Dungeon (3/15)

Altars:

Shops:
D:2 !


Innate Abilities, Weirdness & Mutations

You are immune to sickness and miasma.
Your stone body is resilient. (AC +3)
You are immune to poison.
You resist negative energy. (rN+)
You are resistant to electric shocks. (rElec)
You are resistant to unholy torment.
You are immune to petrification.


Message History

The bombardier beetle closely misses you.
You barely miss the bombardier beetle.
The bombardier beetle is moderately wounded.
The liquid fire burns you! The orc hits you but does no damage.
You hit the bombardier beetle.
The bombardier beetle is severely wounded.
The liquid fire burns you! The orc closely misses you.
You block the bombardier beetle's attack.
You are too injured to fight recklessly!
You are too injured to fight recklessly!
You are too injured to fight recklessly!
You are too injured to fight recklessly!
You are too injured to fight recklessly!
You are too injured to fight recklessly!
You are too injured to fight recklessly!
You are too injured to fight recklessly!
You are too injured to fight recklessly!
You are too injured to fight recklessly!
You are too injured to fight recklessly!
You are too injured to fight recklessly!
You are too injured to fight recklessly!
You are too injured to fight recklessly!
You are too injured to fight recklessly!
You are too injured to fight recklessly!
You are too injured to fight recklessly!
You are too injured to fight recklessly!
You are too injured to fight recklessly!
You hit the bombardier beetle but do no damage.
The bombardier beetle is severely wounded.
The liquid fire burns you!
* * * LOW HITPOINT WARNING * * *
The orc closely misses you.
The bombardier beetle closely misses you.
The orc hits you but does no damage.
You sock the bombardier beetle!
You kill the bombardier beetle!
The liquid fire burns you!
You die...

##. #.. ..## ...
...# #.# #..# #.#
#..# #.# #..# #.#
#..# #########.#
#o†#
..........###@.#
######.......?#
#...............#
#.###.####...##.#
#.# #.# ##.## #
#.# #.# #.# #.#
#.# #.# #.# #.#
#.# #.# #.# .#


You could see an orc.

Vanquished Creatures
  A bombardier beetle (D:3)
  3 adders
  A dart slug (D:1)
  A ribbon worm (D:2)
  6 endoplasms
  A giant cockroach (D:2)
  4 goblins
  4 hobgoblins (D:1)
  3 jackals (D:1)
  6 kobolds
  4 quokkas
  7 ball pythons
  5 bats
  8 frilled lizards
  3 rats
57 creatures vanquished.

Notes
Turn   | Place    | Note
-------+----------+-------------------------------------------
     0 | D:1      | Dittersdorf the Gargoyle Fighter began the quest for the
                  | Orb.
     0 | D:1      | Reached XP level 1. HP: 14/14 MP: 1/1
   129 | D:1      | Reached XP level 2. HP: 19/19 MP: 2/2
   280 | D:1      | Reached XP level 3. HP: 19/23 MP: 3/3
  1029 | D:2      | Found Jesk's Distillery.
  1124 | D:2      | Reached XP level 4. HP: 27/29 MP: 4/4
  2178 | D:3      | Incinerated by a bombardier beetle

Illustrated notes

Levels and vault maps discovered:
D:1:      minmay_arrival_shoal_huts, layout_basic, minmay_cut_off
D:2:      layout_basic, serial_shops, shop_coins
D:3:      layout_loops_ring, nicolae_tso_carved_into_rock

Skill      XL: |  1  2  3  4 |
---------------+-------------+-----
Shields        | 4 |  4.0
Fighting       | 4 |  4.0
Armour         | 4 |  4.0
Maces & Flails | |  2.8

Action                     |  1- 3 |  4- 6 || total
---------------------------+-------+-------++-------
  Melee: Flail             |   168 |    78 ||   246
 Armour: Scale mail        |   158 |    53 ||   211
  Dodge: Dodged            |    88 |    43 ||   131
  Block: Buckler           |    35 |    16 ||    51

Table legend: (Time is in decaauts)
 A = Elapsed time spent in this place.
 B = Non-inter-level travel time spent in this place.
 C = Inter-level travel time spent in this place.
 D = Time resting spent in this place.
 E = Time spent auto-exploring this place.
 F = Levels seen in this place.
 G = Mean time per level.
                   A        B        C        D        E       F      G
               +--------+--------+--------+--------+--------+-----+--------+
         Total |   2258 |   2164 |     94 |     28 |   1603 |   3 |  752.7 |
       Dungeon |   2258 |   2164 |     94 |     28 |   1603 |   3 |  752.7 |
               +--------+--------+--------+--------+--------+-----+--------+

Top non-repeatable levels by time:
     D:2: 1029 daAuts
     D:1: 891 daAuts
     D:3: 337 daAuts
